 Dungeon Crawl Stone Soup version 0.29.1-2-gbd0b4ee654 (webtiles) character file.

Game seed: 13917222982843601113

593814 Icepheonix32 the Conqueror (level 25, -1/257 HPs)
             Began as a Minotaur Fighter on Nov 16, 2022.
             Was the Champion of Dithmenos.
             Slain by a death scarab (17 damage)
             ... summoned by a royal mummy
             ... on level 3 of the Tomb of the Ancients on Nov 17, 2022.
             The game lasted 04:05:50 (69387 turns).

Icepheonix32 the Conqueror (Minotaur Fighter)      Turns: 69387, Time: 04:05:51

Health: -1/257     AC: 16    Str: 20    XL:     25   Next: 75%
Magic:  42/42      EV: 35    Int: 11    God:    Dithmenos [******]
Gold:   2346       SH:  0    Dex: 26    Spells: 2/39 levels left

rFire   . . .      SeeInvis +   o - +3 eveningstar (holy)
rCold   x . .      Faith    .   (no shield)
rNeg    + + +      Spirit   .   w - +2 leather armour of Luqumnut {*Corrode rPois Str-3 Dex+9}
rPois   +          Reflect  .   J - +2 hat {Int+3}
rElec   +          Harm     .   y - +1 cloak of Vlad {rN++ Slay+5}
rCorr   .          Rampage  .   Y - +2 pair of gloves {hurl}
Will    ++++.      Archmagi +   j - +2 pair of boots of Defence {rC- rN++ SInv}
Stlth   +++++++++.              k - amulet "Nuhi" {Will+++ Regen+ MP+9 Str-2 Slay+5}
HPRegen 1.32/turn               L - ring of the Mage {Wiz Archmagi}
MPRegen 0.28/turn               R - +4 ring of slaying

@: marked, flayed, corroded, hasted and slowed, wreathed by umbra, studying 4
skills
A: horns 2, retaliatory headbutt, iridescent scales 1, agile 1, electricity
resistance, subdued magic 1
}: 4/15 runes: decaying, silver, golden, gossamer
a: Renounce Religion, Shadow Step, Shadow Form


You were on level 3 of the Tomb of the Ancients.
You worshipped Dithmenos.
Dithmenos was exalted by your worship.
You visited 12 branches of the dungeon, and saw 51 of its levels.
You visited 3 bazaars.
You also visited: Trove, Ossuary, Bailey, Ice Cave, Volcano and Wizlab.

You collected 8822 gold pieces.
You spent 6476 gold pieces at shops.

Inventory:

Hand Weapons
 i - the +6 arbalest "Damnation" {damnation}
   (You found it on level 1 of the Swamp)

   Any ammunition fired from it explodes in a burst of damnation on striking a
   foe, dealing damage which bypasses armour.
 o - a +3 eveningstar of holy wrath (weapon)
 v - the +10 mace of Xumomo {protect, rPois Str-5 Dex+3}
   (You found it on level 3 of the Dungeon)

   It grants its wielder temporary protection when it strikes (+7 to AC).
   Str:       It affects your strength (-5).
   Dex:       It affects your dexterity (+3).
   rPois:     It protects you from poison.
Missiles
 A - 6 throwing nets
 C - 11 datura-tipped darts
 F - 4 silver boomerangs
 I - 10 curare-tipped darts
 O - 9 silver javelins
Armour
 a - a +2 pair of boots of rampaging
 j - the +2 pair of boots of Defence (worn) {rC- rN++ SInv}
   (You found it on level 4 of the Lair of Beasts)

   rC:        It makes you vulnerable to cold.
   rN:        It greatly protects you from negative energy.
   SInv:      It lets you see invisible.
 w - the +2 leather armour of Luqumnut (worn) {*Corrode rPois Str-3 Dex+9}
   (You found it on level 4 of the Dungeon)

   Str:       It affects your strength (-3).
   Dex:       It affects your dexterity (+9).
   rPois:     It protects you from poison.
   *Corrode:  It may corrode you when you take damage.
 y - the +1 cloak of Vlad (worn) {rN++ Slay+5}
   (You bought it in a shop on level 8 of the Dungeon)

   Slay:      It affects your accuracy & damage with ranged weapons and melee
   (+5).
   rN:        It greatly protects you from negative energy.
 H - a +3 buckler of cold resistance
 J - a +2 hat of intelligence (worn)
 N - the +9 scale mail of Fedhas's Benevolence {+Blink rF++}
   (You found it on level 2 of the Depths)

   rF:        It greatly protects you from fire.
   +Blink:    It lets you blink.
 T - the +8 ice dragon scales of Entitlement {rF- rC++ rN++ Int-3}
   (You took it off a deep elf high priest on level 3 of the Elven Halls)

   Int:       It affects your intelligence (-3).
   rF:        It makes you vulnerable to fire.
   rC:        It greatly protects you from cold.
   rN:        It greatly protects you from negative energy.
 W - the +1 cloak "Xeezefedd" {Fly Str+6}
   (You found it in a wizard's laboratory)

   Str:       It affects your strength (+6).
   Fly:       It grants you flight.
 Y - a +2 pair of gloves of hurling (worn)
Jewellery
 c - the ring of Temperance {Will+ Str+2 Int+6}
   (You bought it in a shop on level 6 of the Dungeon)

   [ring of intelligence]

   Str:       It affects your strength (+2).
   Int:       It affects your intelligence (+6).
   Will:      It increases your willpower.
 k - the amulet "Nuhi" (around neck) {Will+++ Regen+ MP+9 Str-2 Slay+5}
   (You bought it in a shop on level 6 of the Dungeon)

   [amulet of regeneration]

   Str:       It affects your strength (-2).
   Slay:      It affects your accuracy & damage with ranged weapons and melee
   (+5).
   MP:        It affects your magic capacity (+9).
   Regen:     It increases your rate of health regeneration.
   Will:      It greatly increases your willpower.
 L - the ring of the Mage (left hand) {Wiz Archmagi}
   (You took it off a deep elf blademaster on level 3 of the Elven Halls)

   [ring of wizardry]

   It improves your spell success rate.
   Archmagi:  It increases the power of your magical spells.
 R - a +4 ring of slaying (right hand)
Wands
 u - a wand of flame (78)
 x - a wand of polymorph (42)
 z - a wand of charming (37)
 G - a wand of digging (12)
 K - a wand of roots (36)
 M - a wand of quicksilver (44)
 V - a wand of mindburst (27)
Scrolls
 b - 7 scrolls of fear
 h - a scroll of teleportation
 n - a scroll of silence
 p - 3 scrolls of summoning
 t - 13 scrolls of poison
 E - 12 scrolls of blinking
 P - 11 scrolls of magic mapping
 S - 16 scrolls of amnesia
 X - 30 scrolls of identify
Potions
 d - a potion of brilliance
 e - 20 potions of curing
 g - 10 potions of ambrosia
 m - 10 potions of haste
 q - 5 potions of resistance
 r - 2 potions of heal wounds
 B - 8 potions of might
 Q - 6 potions of cancellation
 Z - 9 potions of flight
Miscellaneous
 f - a condenser vane
 s - a phantom mirror
 D - a tin of tremorstones (2/2)
 U - a phial of floods


   Skills:
 O Level 27 Fighting
 + Level 3.0(12.6) Axes
 + Level 18.7(18.8) Maces & Flails
 * Level 16.9 Ranged Weapons
 + Level 3.3 Throwing
 + Level 11.2 Armour
 * Level 24.3 Dodging
 + Level 9.4 Stealth
 + Level 13.9 Shields
 + Level 7.9 Spellcasting
 * Level 13.7 Summonings
 + Level 7.6 Ice Magic
 + Level 3.4 Air Magic
 + Level 8.0 Poison Magic
 + Level 3.4 Invocations
 * Level 14.7 Evocations


You had 2 spell levels left.
You knew the following spells:

 Your Spells              Type           Power      Damage    Failure   Level
a - Summon Ice Beast      Ice/Summ       32%        N/A       1%          4
b - Mephitic Cloud        Conj/Pois/Air  14%        N/A       3%          3
c - Call Canine Familiar  Summ           40%        N/A       1%          3
d - Summon Lightning Spi  Summ/Air       26%        N/A       1%          4
e - Summon Cactus Giant   Summ           20%        N/A       3%          6
f - Summon Guardian Gole  Hex/Summ       22%        N/A       1%          3
g - Olgreb's Toxic Radia  Pois           25%        N/A       1%          4
h - Swiftness             Air            13%        N/A       4%          3
i - Monstrous Menagerie   Summ           20%        N/A       17%         7

Your spell library contained the following spells:

 Spells                   Type           Power      Damage    Failure   Level
 Sting                    Tmut/Pois      60%        1d6       1%          1
 Summon Small Mammal      Summ           100%       N/A       1%          1
 Call Imp                 Summ           40%        N/A       1%          2
 Ensorcelled Hibernation  Hex/Ice        28%        N/A       1%          2
 Poisonous Vapours        Pois/Air       38%        N/A       1%          2
 Shock                    Conj/Air       36%        1d5       2%          1
 Apportation              Tloc           10%        N/A       6%          1
 Beastly Appendage        Tmut           10%        N/A       6%          1
 Magic Dart               Conj           20%        1d4       6%          1
 Necrotise                Necr           20%        1d5       6%          1
 Sandblast                Erth           10%        2d5       6%          1
 Blink                    Tloc           10%        N/A       9%          2
 Passwall                 Tmut/Erth      4%         N/A       9%          2
 Scorch                   Fire           10%        2d6       9%          2
 Sublimation of Blood     Necr           5%         N/A       9%          2
 Animate Armour           Summ/Erth      44%        N/A       3%          4
 Ignite Poison            Fire/Tmut/Pois 11%        N/A       6%          3
 Summon Mana Viper        Hex/Summ       22%        N/A       10%         5
 Hailstorm                Conj/Ice       14%        3d5       13%         4
 Airstrike                Air            6%         2d(1-17)  14%         4
 Dazzling Flash           Conj/Hex       10%        N/A       19%         3
 Gell's Gravitas          Tloc           5%         N/A       19%         3
 Inner Flame              Hex/Fire       5%         N/A       19%         3
 Lesser Beckoning         Tloc           5%         N/A       19%         3
 Portal Projectile        Hex/Tloc       10%        N/A       19%         3
 Stone Arrow              Conj/Erth      10%        3d7       19%         3
 Teleport Other           Tloc           5%         N/A       19%         3
 Tukima's Dance           Hex            5%         N/A       19%         3
 Alistair's Intoxication  Tmut/Pois      10%        N/A       32%         5
 Freezing Cloud           Conj/Ice/Air   7%         6-21      34%         5
 Cause Fear               Hex            2%         N/A       52%         4
 Flame Wave               Conj/Fire      5%         2d5       52%         4
 Fulminant Prism          Conj/Hex       2%         3d6       52%         4
 Iskenderun's Mystic Bla  Conj/Tloc      5%         2d3       52%         4
 Leda's Liquefaction      Hex/Erth       2%         N/A       52%         4
 Passage of Golubria      Tloc           5%         N/A       52%         4
 Petrify                  Tmut/Erth      5%         N/A       52%         4
 Silence                  Hex/Air        4%         N/A       63%         5
 Agony                    Necr           5%         N/A       85%         5
 Blade Hands              Tmut           2%         N/A       85%         5
 Fireball                 Conj/Fire      2%         3d4       85%         5
 Irradiate                Conj/Tmut      2%         3d12      85%         5
 Iskenderun's Battlesphe  Conj           5%         2d6       85%         5
 Lee's Rapid Deconstruct  Erth           2%         3d6*      85%         5
 Manifold Assault         Tloc           5%         N/A       85%         5
 Simulacrum               Ice/Necr       7%         N/A       88%         6
 Malign Gateway           Summ/Tloc      11%        N/A       96%         7
 Spellforged Servitor     Conj/Summ      11%        N/A       96%         7
 Conjure Ball Lightning   Conj/Air       4%         3x3d6     99%         6
 Starburst                Conj/Fire      2%         6d3       100%        6
 Statue Form              Tmut/Erth      3%         N/A       100%        6
 Orb of Destruction       Conj           2%         9d5       100%        7
 Storm Form               Tmut/Air       4%         N/A       100%        7
 Borgnjor's Revivificati  Necr           2%         N/A       100%        8
 Discord                  Hex            2%         N/A       100%        8
 Disjunction              Tloc           2%         N/A       100%        8
 Maxwell's Capacitive Co  Air            6%         ∞         100%        8
 Necromutation            Tmut/Necr      2%         N/A       100%        8
 Chain Lightning          Conj/Air       4%         3d6       100%        9
 Death's Door             Necr           2%         N/A       100%        9
 Fire Storm               Conj/Fire      2%         8d1       100%        9
 Polar Vortex             Ice            12%        N/A       100%        9
 Shatter                  Erth           2%         3d6*      100%        9


Dungeon Overview and Level Annotations

Branches:
Dungeon (15/15)            Temple (1/1) D:7            Lair (5/5) D:11
  Swamp (4/4) Lair:3       Spider (4/4) Lair:3        Slime (2/5) Lair:5
    Orc (2/2) D:10            Elf (3/3) Orc:2        Vaults (5/5) D:13
  Crypt (3/3) Vaults:2       Tomb (3/3) Crypt:3      Depths (4/4) D:15
    Zot (0/5) Depths:4    Ossuary (visited)          Bailey (visited)
  IceCv (visited)         Volcano (visited)          WizLab (visited)

Altars:
Ashenzari
Cheibriados
Dithmenos
Elyvilon
Fedhas
Gozag
Hepliaklqana
Kikubaaqudgha
Makhleb
Nemelex Xobeh
Okawaru
Qazlal
Ru
Sif Muna
Trog
Uskayaw
Vehumet
Wu Jian
Xom
Yredelemnul
Zin
The Shining One
Jiyva

Shops:
D:1 [   D:6 [=!=   D:8 [   D:9 ?*   D:13 [   Orc:2 *(=?   Elf:1 =   Elf:3 ==:!
Vaults:2 ?   Vaults:3 (   Vaults:4 (:*(   Depths:3 [

Portals:
Hell: Depths:1 Depths:2 Depths:3 Depths:4
Abyss: Depths:1 Depths:3 Depths:4
Pandemonium: Depths:2
Ziggurat: Depths:3

Annotations:
Lair:3 2 transporters, exclusion: oklob plant
Slime:2 Dissolution
Crypt:2 3 runed translucent doors
Crypt:3 3 runed translucent doors, exclusion: obsidian statue, Fainec's ghost, veteran GrEE
Tomb:3 Khufu


Innate Abilities, Weirdness & Mutations

You have a pair of horns on your head.
You reflexively headbutt those who attack you in melee.
You are partially covered in iridescent scales. (AC +2)
You are agile. (Dex +4, Str/Int -1)
You are resistant to electric shocks. (rElec)
Your spells are a little easier to cast, but a little less powerful.


Message History

Your shadow hits the royal mummy with an eveningstar.
The death scarab completely misses you. You furiously retaliate!
You headbutt the death scarab! The death scarab completely misses you.
The death scarab closely misses you. The royal mummy closely misses you.
You furiously retaliate!
You headbutt the royal mummy! The death scarab bites you!
* * * LOW HITPOINT WARNING * * *
You emit a cloud of dark smoke.
The death scarab drains your vigour!
You feel as though you will be slow longer.
The death scarab misses you.
You barely miss the royal mummy. Your headbutt misses the royal mummy.
The royal mummy is heavily damaged.
Your shadow hits the royal mummy with an eveningstar!
The death scarab closely misses you. The death scarab completely misses you.
You furiously retaliate!
You headbutt the death scarab. The death scarab bites you.
* * * LOW HITPOINT WARNING * * *
The death scarab completely misses you.
The death scarab sets off the alarm!
The alarm trap emits a blaring wail!
A sentinel's mark forms upon you. The death scarab completely misses you.
You furiously retaliate!
You headbutt the death scarab! The royal mummy misses you.
You furiously retaliate!
You headbutt the royal mummy!
You hear a faint skittering sound. x30
Unknown command.
You completely miss the royal mummy. Your headbutt misses the royal mummy.
The royal mummy is heavily damaged.
The death scarab misses you. x3; The death scarab barely misses you.
You furiously retaliate!
You headbutt the death scarab. The death scarab bites you!
* * * LOW HITPOINT WARNING * * *
The royal mummy completely misses you. You furiously retaliate!
You headbutt the royal mummy!
Okay, then.
You skewer the royal mummy like a kebab!!!
The royal mummy convulses!!
Your headbutt misses the royal mummy.
The royal mummy is almost destroyed.
The death scarab completely misses you. x2; You furiously retaliate!
You headbutt the death scarab! The death scarab bites you!
You die...

...#
§..#
#..$...#
B..#
#......#
.!.#
#......#
M..#
......#
^M.#
.....#
.....
BB§§#
......
#MB§#
...###
#@BB#
####
##B§§#
...
#§B§§#
...
#..^.##
...
#.....##
...
#+#####
.M. ...
M..


You could see a royal mummy and 7 death scarabs.

Vanquished Creatures
  A dread lich (Vaults:5)
  2 ancient liches (Vaults:5)
  Mennas (Crypt:3)
  Mara (Elf:3)
  2 juggernauts (Depths:1)
  3 royal mummies
  Boris (thrice) (Vaults:4 Depths:1 Depths:4)
  Frederick (Crypt:3)
  Saint Roka (Elf:3)
  3 caustic shrikes
  5 golden dragons
  Nikola (Depths:1)
  Zenata (Orc:2)
  10 liches
  5 tentacled monstrosities
  Jorgrun (Swamp:1)
  3 deep elf blademasters
  2 acid blobs (Slime:1)
  4 titans (Vaults:5)
  2 deep elf master archers (Elf:3)
  A quicksilver dragon (Depths:2)
  2 walking earthen tomes (Depths:3)
  Gastronok (Lair:1)
  5 ancient champions
  An eldritch tentacle (WizLab)
  Kirke (Swamp:1)
  Frances (D:14)
  5 shadow dragons
  2 storm dragons
  9 sphinxes
  The ghost of Pileg the Severer, an adept FoFi of Okawaru (Elf:1)
  7 tengu reavers
  Roxanne (D:14)
  6 revenants
  4 thorn hunters
  9 frost giants
  6 fire giants
  3 emperor scorpions
  2 iron dragons
  5 orc warlords
  4 deep elf sorcerers
  Louise (Swamp:1)
  A balrug (Depths:2)
  A spectral juggernaut (Crypt:3)
  6 ghost moths
  4 spectral caustic shrikes (Depths:4)
  A draconian stormcaller (Depths:4)
  10 vault wardens
  4 deep elf elementalists
  2 curse skulls
  3 ghouls
  17 ironbound preservers
  22 very ugly things
  A draconian annihilator (Depths:4)
  A spriggan defender (Depths:3)
  A war gargoyle (Vaults:4)
  5 stone giants
  2 broodmothers
  2 bennus (Tomb:1)
  2 juggernaut skeletons
  8 ironbound thunderhulks
  2 eleionomae
  8 dire elephants
  7 deep elf annihilators
  A lorocyproca (Tomb:2)
  A black draconian (Depths:4)
  8 deep elf demonologists
  9 vampire knights
  5 entropy weavers
  A purple draconian (Depths:4)
  4 bunyips
  9 spark wasps
  A minotaur (shapeshifter) (Depths:2)
  2 white draconians (Depths:4)
  A green death (Depths:2)
  Snorg (Orc:2)
  13 ettins
  8 deep elf death magi
  8 eidola
  14 mummy priests
  Josephine (D:14)
  A quicksilver dragon zombie (Crypt:1)
  5 fire dragons
  13 yaktaur captains
  6 great orbs of eyes
  A spriggan zombie (Crypt:1)
  11 deep elf high priests
  13 jiangshi
  The ghost of TorpidAnima the Fighter, a journeyman MiBe of Trog (Orc:2)
  A spectral spriggan (Crypt:3)
  2 shambling mangroves (Swamp:4)
  10 ice dragons
  28 vault guards
  3 rakshasas
  4 ogre magi
  The ghost of wingedge the Frost Mage, a journeyman DgEn (Lair:2)
  13 hydras
  A spectral stone giant (Crypt:3)
  4 boulder beetles
  4 spriggan air magi
  5 jorogumos
  15 centaur warriors
  8 ironbound frosthearts
  2 radroaches
  A catoblepas (Lair:1)
  3 ghost crabs
  12 two-headed ogres
  A spriggan skeleton (Tomb:1)
  11 alligators
  8 tengu warriors
  8 deep troll shamans
  30 death scarabs
  29 dancing weapons
  6 vampire magi
  3 death knights
  14 death yaks
  An orc high priest (Orc:1)
  9 deep troll earth magi
  A thrashing horror (WizLab)
  The ghost of hawla the Frost Mage, a novice MeIE (D:7)
  An azure jelly zombie (Crypt:2)
  5 spriggan berserkers
  Nergalle (D:10)
  19 deep elf knights
  14 hell knights
  2 sun demons (Depths:2)
  A storm dragon zombie (Tomb:2)
  2 soul eaters (Crypt:1)
  9 pharaoh ants
  A spectral dire elephant (Crypt:3)
  2 sixfirhies
  The ghost of turdburglar the Skirmisher, a novice GnHu of Gozag (D:6)
  38 skeletal warriors
  A sea snake (shapeshifter) (Depths:4)
  17 shadow wraiths
  10 iron trolls
  A bunyip zombie (Crypt:2)
  2 glowing orange brains
  3 spriggan druids
  2 spectral bunyips (Crypt:3)
  4 starcursed masses (WizLab)
  A sun moth (Spider:4)
  27 phantasmal warriors
  74 deep trolls
  7 bog bodies
  8 flayed ghosts
  2 goliath frogs (Swamp:1)
  An anaconda skeleton (Crypt:1)
  15 orb spiders
  An orb spider (shapeshifter) (Vaults:5)
  8 steelbarb worms
  3 spectral hydras (Swamp:4)
  9 swamp dragons
  An obsidian statue (WizLab)
  A spriggan simulacrum (Crypt:1)
  7 wizards
  6 lindwurms
  17 ironbound convokers
  A mana viper (shapeshifter) (Depths:1)
  4 orc knights
  A harpy (Vaults:5)
  12 wolf spiders
  10 deep elf archers
  The ghost of horus123 the Magician, a novice HuWn of Vehumet (D:5)
  32 deep elf zephyrmancers
  29 deep elf pyromancers
  2 orc sorcerers
  2 will-o-the-wisps (Swamp:4)
  A shadow dragon skeleton (Crypt:2)
  6 cyclopes
  11 necromancers
  38 ugly things
  A mana viper (WizLab)
  4 oklob plants
  5 manticores
  A draconian zombie (Crypt:2)
  A worldbinder (WizLab)
  3 shining eyes (Slime:1)
  4 moths of wrath
  A dire elephant zombie (Crypt:2)
  An ice statue (IceCv)
  2 elephants (Lair:5)
  A rust devil (Depths:2)
  4 orange demons
  6 gargoyles
  8 black mambas
  A black mamba (shapeshifter) (Vaults:5)
  A guardian serpent (WizLab)
  13 vault sentinels
  13 cane toads
  A smoke demon (WizLab)
  2 centaur skeletons
  A stone giant skeleton (Crypt:1)
  A dire elephant skeleton (Crypt:1)
  14 rime drakes
  7 demonic crawlers
  7 torpor snails
  5 hellwings (Depths:2)
  A demonspawn skeleton (WizLab)
  A yaktaur (shapeshifter) (Depths:3)
  2 tengu conjurers
  28 yaktaurs
  A kobold demonologist (D:12)
  9 komodo dragons
  9 freezing wraiths
  A purple draconian skeleton (Crypt:2)
  22 guardian mummies
  An anaconda simulacrum (Crypt:1)
  2 ancient zymes (WizLab)
  A merfolk (D:13)
  An ice devil (Depths:2)
  A grey draconian skeleton (Crypt:2)
  3 bloated husks
  A meliai (shapeshifter) (D:14)
  3 hydra zombies
  2 meliai (Spider:4)
  15 trolls
  3 death drake zombies
  2 harpy zombies
  14 tyrant leeches
  15 nameless horrors
  A troll (shapeshifter) (Vaults:4)
  3 hydra skeletons (Swamp:4)
  2 spectral guardian serpents (Crypt:1)
  Grinder (D:3)
  4 polar bears
  12 tarantellas
  A culicivora zombie (Crypt:3)
  Prince Ribbit (D:5)
  22 blink frogs
  20 hornets
  2 dream sheep (Lair:5)
  A jumping spider zombie (Crypt:1)
  Sigmund (D:5)
  An elf skeleton (Vaults:5)
  29 slime creatures
  17 culicivoras
  24 jumping spiders
  2 large abominations
  A culicivora (shapeshifter) (Vaults:5)
  A spectral black mamba (Crypt:3)
  8 shadows (Crypt:3)
  15 spriggans
  An ice dragon skeleton (Tomb:1)
  A black mamba zombie (Crypt:2)
  A satyr skeleton (Crypt:1)
  18 wraiths
  5 air elementals
  8 wyverns
  A centaur simulacrum (Crypt:2)
  18 flying skulls
  27 yaks
  2 water elementals
  18 humans (D:13)
  A vampire (D:9)
  A tyrant leech zombie (Crypt:3)
  2 black mamba skeletons (Crypt:1)
  11 fire elementals
  10 basilisks
  9 ushabtiu
  2 hogs (Swamp:1)
  4 steam dragons
  42 redbacks
  5 vampire mosquitoes
  4 chaos spawn
  A harpy simulacrum (Crypt:2)
  3 spatial vortices (WizLab)
  Duvessa (D:5)
  9 wargs
  3 hydra simulacra (Swamp:4)
  3 acid dragons
  21 swamp worms
  13 water moccasins
  5 hell hounds
  2 black bears
  12 swamp drakes
  4 ice beasts
  35 orc warriors
  A sky beast (D:7)
  7 small abominations (Depths:1)
  23 ogres
  2 swamp dragon zombies (Swamp:4)
  A swamp dragon skeleton (Swamp:4)
  22 wolves
  13 centaurs
  A phantom (D:5)
  A kobold brigand (D:6)
  A rime drake skeleton (Crypt:1)
  Blork the orc (D:4)
  A vine stalker zombie (Crypt:2)
  5 earth elementals
  2 elf zombies (Ossuary)
  6 scorpions
  4 necrophages
  9 gnoll sergeants
  8 bullfrogs
  A yaktaur skeleton (Crypt:2)
  A wyvern skeleton (Crypt:2)
  A hornet simulacrum (D:8)
  A cyclops skeleton (Crypt:3)
  Dowan (D:5)
  12 killer bees
  A polar bear zombie (Crypt:3)
  A troll skeleton (Crypt:3)
  6 electric eels
  5 howler monkeys
  A crimson imp (D:10)
  13 hounds
  4 quasits (D:6)
  2 wyvern simulacra (D:8)
  2 human zombies (Ossuary)
  2 jellies
  4 gnoll boudas
  9 orc priests
  2 iguanas
  An iron imp (D:10)
  A black bear zombie (Crypt:2)
  21 orc wizards
  An ogre zombie (Crypt:3)
  A naga skeleton (Crypt:2)
  A tengu skeleton (Crypt:1)
  17 mummies
  4 spectral orcs (Orc:2)
  60 gnolls
  8 adders
  2 ogre simulacra (Orc:2)
  3 shadow imps
  7 white imps
  A howler monkey simulacrum (D:8)
  An orc simulacrum (Orc:2)
  4 ufetubi
  An adder skeleton (Crypt:3)
  A lava snake skeleton (Crypt:2)
  3 worms
  A dart slug (D:1)
  81 orcs
  A bat (shapeshifter) (Depths:2)
  A bat skeleton (Crypt:1)
  8 endoplasms
  3 giant cockroaches
  2 gnoll zombies (Ossuary)
  8 goblins
  11 hobgoblins
  6 jackals
  24 kobolds
  A quokka (D:4)
  6 ball pythons
  7 bats
  2 goblin zombies (Ossuary)
  2 hobgoblin zombies (Ossuary)
  4 orc zombies (Ossuary)
  10 rats
2301 creatures vanquished.

Vanquished Creatures (collateral kills)
  2 sphinxes (Tomb:1)
  A tengu reaver (Vaults:5)
  A thorn hunter (Swamp:3)
  2 storm dragons
  A vault warden (Vaults:2)
  A ghoul (Swamp:3)
  An ironbound preserver (Vaults:1)
  An eleionoma (Swamp:3)
  Nessos (Orc:2)
  A very ugly thing (Vaults:5)
  A dire elephant (Vaults:4)
  An entropy weaver (Spider:2)
  2 spark wasps
  A mummy priest (Tomb:2)
  A jiangshi (Crypt:1)
  A yaktaur captain (Vaults:4)
  A shambling mangrove (Swamp:3)
  A quicksilver dragon zombie (Vaults:5)
  A vault guard (Vaults:5)
  2 great orbs of eyes (Vaults:4)
  3 hydras
  2 two-headed ogres (Orc:1)
  A death yak (Lair:5)
  2 death scarabs (Tomb:2)
  A vampire mage (Crypt:1)
  2 iron trolls (Depths:1)
  2 pharaoh ants
  A skeletal warrior (Crypt:1)
  4 deep trolls (Vaults:2)
  A bog body (Lair:3)
  2 large abominations (Depths:1)
  2 orc knights (Vaults:2)
  A swamp dragon (Swamp:3)
  An orb spider (Spider:4)
  An ironbound convoker (Vaults:3)
  A lindwurm (shapeshifter) (Vaults:5)
  A harpy (Vaults:2)
  An ugly thing (Vaults:5)
  A moth of wrath (Spider:2)
  A vault sentinel (Vaults:4)
  A cane toad (Lair:5)
  An unseen horror (Depths:1)
  2 yaktaurs
  A demonic crawler (Spider:2)
  2 guardian mummies
  A tyrant leech (Swamp:2)
  A hornet (Swamp:2)
  4 slime creatures
  An ettin zombie (Vaults:5)
  2 flying skulls (Tomb:3)
  A culicivora (Spider:2)
  A spriggan (Lair:2)
  A wyvern (Lair:4)
  An ushabti (Tomb:3)
  5 yaks
  A water elemental (Depths:1)
  4 redbacks
  A warg (D:11)
  2 acid dragons
  2 swamp worms
  A water moccasin (Lair:5)
  A small abomination (Depths:1)
  An ice beast (D:6)
  A swamp drake (Lair:5)
  A black bear (Lair:2)
  2 ogres (Orc:2)
  An orc priest (D:11)
  A gnoll bouda (D:7)
  2 orc wizards
  2 mummies (Tomb:2)
  5 gnolls (D:7)
  10 orcs
118 creatures vanquished.

Vanquished Creatures (others)
  A fenstrider witch (Swamp:4)
  An ettin (Depths:1)
  A mummy priest (Tomb:2)
  A death scarab (Tomb:2)
  A deep elf knight (Elf:2)
  A wizard (Vaults:4)
  A vault sentinel (Vaults:3)
  2 guardian mummies (Tomb:2)
  A polar bear (IceCv)
  A bloated husk (Swamp:4)
  2 nameless horrors (Volcano)
  A culicivora (Spider:4)
  4 humans (Swamp:1)
  5 yaks
  A gnoll sergeant (D:7)
  8 mummies (Tomb:2)
  2 gnolls (D:7)
  3 orcs
  A fire vortex (Lair:5)
  6 foxfires (Swamp:4)
  20 fungi
  62 plants
  25 toadstools
151 creatures vanquished.

Grand Total: 2570 creatures vanquished

Notes
Turn   | Place    | Note
-------+----------+-------------------------------------------
     0 | D:1      | Icepheonix32 the Minotaur Fighter began the quest for the
                  | Orb.
     0 | D:1      | Reached XP level 1. HP: 19/19 MP: 0/0
   151 | D:1      | Reached skill level 4 in Fighting
   156 | D:1      | Reached XP level 2. HP: 21/27 MP: 1/1
   536 | D:1      | Found Numpau's Antique Armour Shoppe.
   969 | D:1      | Reached XP level 3. HP: 13/34 MP: 0/2
  1542 | D:2      | Found a faded altar of an unknown god.
  1551 | D:2      | Reached XP level 4. HP: 38/41 MP: 3/3
  1738 | D:3      | Noticed Grinder
  1750 | D:3      | Killed Grinder
  1751 | D:3      | Reached skill level 5 in Fighting
  1751 | D:3      | Reached skill level 1 in Maces & Flails
  1751 | D:3      | Reached skill level 5 in Armour
  1751 | D:3      | Reached XP level 5. HP: 10/48 MP: 1/4
  1751 | D:3      | Reached XP level 6. HP: 12/56 MP: 1/5
  2356 | D:3      | Reached skill level 1 in Dodging
  2739 | D:3      | Identified the +10 mace of Xumomo {protect, rPois Str-5
                  | Dex+3}
  2842 | D:4      | Found a sand-covered staircase.
  2856 | Ossuary  | Entered an ossuary
  2870 | Ossuary  | Reached XP level 7. HP: 56/61 MP: 6/6
  3121 | D:4      | Identified the +2 leather armour of Luqumnut {*Corrode
                  | rPois Str-3 Dex+9}
  3336 | D:4      | Noticed Blork the orc
  3386 | D:4      | Killed Blork the orc
  3387 | D:4      | Reached skill level 6 in Fighting
  3387 | D:4      | Reached skill level 5 in Maces & Flails
  3868 | D:4      | Reached XP level 8. HP: 64/70 MP: 7/7
  4107 | D:5      | Entered Level 5 of the Dungeon
  4188 | D:5      | Reached skill level 1 in Stealth
  4188 | D:5      | Reached skill level 5 in Shields
  4205 | D:5      | Noticed Duvessa
  4209 | D:5      | Noticed Dowan
  4223 | D:5      | Noticed Sigmund
  4228 | D:5      | Killed Sigmund
  4229 | D:5      | Reached skill level 7 in Fighting
  4591 | D:5      | Learned a level 4 spell: Summon Ice Beast
  4634 | D:5      | Killed Duvessa
  4635 | D:5      | Killed Dowan
  4660 | D:5      | Found a runed translucent gate.
  4661 | D:5      | Found a runed translucent gate.
  4662 | D:5      | Found a runed translucent gate.
  4663 | D:5      | Noticed horus123's ghost (novice HuWn)
  4663 | D:5      | Identified the +6 chain mail of the Dungeon {-Tele rC+ rN+}
  4743 | D:5      | Noticed Prince Ribbit
  4748 | D:5      | Killed Prince Ribbit
  4749 | D:5      | Reached XP level 9. HP: 72/79 MP: 6/8
  4941 | D:5      | Reached skill level 1 in Summonings
  5141 | D:5      | Reached skill level 8 in Fighting
  5244 | D:5      | Reached skill level 5 in Dodging
  5944 | D:6      | Found Topom's Armour Shop.
  6101 | D:1      | Bought a pair of runed boots for 150 gold pieces
  6267 | D:6      | Found Jiecsouz's Jewellery Boutique.
  6268 | D:6      | Found Zuoz's Distillery.
  6277 | D:6      | Bought the ring of Temperance {Will+ Str+2 Int+6} for 633
                  | gold pieces
  6568 | D:6      | Bought a potion of lignification for 36 gold pieces
  6579 | D:6      | Noticed turdburglar's ghost (novice GnHu)
  6580 | D:6      | Found a transporter.
  6604 | D:6      | Found a transporter.
  6794 | D:6      | Found Xiph's Jewellery Emporium.
  7072 | D:7      | Reached skill level 1 in Ice Magic
  7140 | D:7      | Reached XP level 10. HP: 43/90 MP: 6/9
  7156 | D:7      | Reached skill level 9 in Fighting
  7195 | D:7      | Found a transporter.
  7212 | D:7      | Identified the +4 ring mail of Valiance {-Tele Harm rElec
                  | Will+++}
  7258 | D:7      | Found a runed translucent door.
  7258 | D:7      | Noticed a sixfirhy
  7290 | D:7      | Found a flagged portal.
  7308 | Bailey   | Entered a bailey
  7314 | Bailey   | Noticed an orc warlord
  7412 | Bailey   | Found a runed translucent gate.
  7415 | Bailey   | Found a runed translucent gate.
  7420 | Bailey   | Found a runed translucent gate.
  7574 | Bailey   | Killed an orc warlord
  7608 | Bailey   | Reached skill level 15 in Fighting
  7608 | Bailey   | Reached XP level 11. HP: 63/114 MP: 8/10
  7959 | D:7      | Found a transporter.
  7959 | D:7      | Identified the ring of Conflict {Wiz Dex+3}
  8028 | D:7      | Found a staircase to the Ecumenical Temple.
  8076 | Temple   | Entered the Ecumenical Temple
  8290 | Temple   | Became a worshipper of Dithmenos the Shadowed
  8366 | D:7      | Killed a sixfirhy
  8607 | D:7      | Gained mutation: You are frail. (-10% HP) [potion of
                  | mutation]
  8615 | D:7      | Lost mutation: You are frail. (-10% HP) [potion of
                  | mutation]
  8615 | D:7      | Gained mutation: Your spells are a little easier to cast,
                  | but a little less powerful. [potion of mutation]
  8615 | D:7      | Gained mutation: You are resistant to electric shocks.
                  | (rElec) [potion of mutation]
  8615 | D:7      | Gained mutation: You are partially covered in iridescent
                  | scales. (AC +2) [potion of mutation]
  8747 | D:5      | Killed horus123's ghost
  9113 | D:6      | Killed turdburglar's ghost
  9274 | D:7      | Noticed hawla's ghost (novice MeIE)
  9294 | D:7      | Killed hawla's ghost
  9295 | D:7      | Reached skill level 16 in Fighting
  9320 | D:7      | Reached * piety under Dithmenos
  9761 | D:8      | Found an ancient bone altar of Kikubaaqudgha.
 10240 | D:8      | Found a hazy altar of Hepliaklqana.
 10288 | D:8      | Reached skill level 10 in Maces & Flails
 10368 | D:8      | Noticed a boulder beetle
 10371 | D:8      | Noticed a centaur warrior
 10381 | D:8      | Noticed a death knight
 10381 | D:8      | Noticed a deep elf pyromancer
 10391 | D:8      | Noticed an eight-headed hydra
 10536 | D:8      | Found Tawiq's Armour Shop.
 10579 | D:8      | Reached ** piety under Dithmenos
 10580 | D:8      | Reached skill level 10 in Dodging
 10759 | D:9      | Noticed a two-headed ogre
 10769 | D:9      | Killed a two-headed ogre
 10894 | D:9      | Found a stormy altar of Qazlal.
 11050 | D:9      | Found Saewk's Elemental Accessories.
 11145 | D:9      | Reached XP level 12. HP: 123/123 MP: 11/11
 11187 | D:9      | Found Wantutiu's Magic Scroll Shoppe.
 11220 | D:9      | Reached skill level 1 in Throwing
 11350 | D:9      | Found an iron altar of Okawaru.
 11467 | D:10     | Entered Level 10 of the Dungeon
 11502 | D:10     | Reached *** piety under Dithmenos
 11535 | D:10     | Noticed Nergalle
 11557 | D:10     | Killed Nergalle
 11881 | D:10     | Found a staircase to the Orcish Mines.
 12232 | D:10     | Found a radiant altar of Vehumet.
 12347 | D:11     | Noticed a two-headed ogre
 12355 | D:11     | Killed a two-headed ogre
 12356 | D:11     | Reached skill level 17 in Fighting
 12486 | D:11     | Noticed a five-headed hydra
 12495 | D:11     | Killed a five-headed hydra
 12525 | D:11     | Found a staircase to the Lair.
 12529 | D:11     | Reached **** piety under Dithmenos
 13012 | D:11     | Identified the +0 pair of boots of Magic {Regen+ Dex+3}
 13942 | D:12     | Noticed a centaur warrior
 13952 | D:12     | Noticed a two-headed ogre
 14078 | D:8      | Bought the +1 cloak of Vlad {rN++ Slay+5} for 576 gold
                  | pieces
 14183 | Lair:1   | Entered Level 1 of the Lair of Beasts
 14205 | Lair:1   | Reached skill level 1 in Spellcasting
 14267 | Lair:1   | Found a frozen archway.
 14321 | Lair:1   | Noticed an eight-headed hydra
 14337 | Lair:1   | Killed an eight-headed hydra
 14352 | Lair:1   | Found a dark tunnel.
 14363 | Volcano  | Entered a volcano
 14409 | Volcano  | Reached XP level 13. HP: 121/133 MP: 6/13
 14434 | Volcano  | Reached ***** piety under Dithmenos
 14773 | Volcano  | Reached skill level 5 in Summonings
 14877 | IceCv    | Entered an ice cave
 14889 | IceCv    | Reached skill level 18 in Fighting
 15159 | IceCv    | Reached skill level 1 in Evocations
 15163 | IceCv    | Reached skill level 5 in Ice Magic
 15237 | IceCv    | Noticed a frost giant
 15265 | IceCv    | Killed a frost giant
 16098 | Lair:1   | Noticed Gastronok
 16114 | Lair:1   | Killed Gastronok
 16399 | Lair:1   | Identified a scroll of acquirement
 16399 | Lair:1   | Acquired 610 gold pieces
 16798 | Lair:2   | Found a transporter.
 16804 | Lair:2   | Found a transporter.
 16819 | Lair:2   | Reached XP level 14. HP: 144/144 MP: 3/15
 17584 | Lair:2   | Identified the +8 falchion "Orb Guardian's Regret" {vamp,
                  | rN++ Will- rCorr Str+2}
 17648 | Lair:2   | Found a bloodstained altar of Trog.
 17854 | Lair:2   | Noticed wingedge's ghost (journeyman DgEn)
 18072 | Lair:3   | Found a hole to the Spider Nest.
 18289 | Lair:3   | Reached skill level 19 in Fighting
 18295 | Lair:3   | Found a staircase to the Swamp.
 18784 | Lair:3   | Found a blossoming altar of Fedhas.
 19213 | Lair:3   | Found a transporter.
 19233 | Lair:3   | Found a transporter.
 19282 | Lair:3   | Reached ****** piety under Dithmenos
 19832 | Lair:4   | Identified the +2 pair of boots of Defence {rC- rN++ SInv}
 20437 | Lair:5   | Entered Level 5 of the Lair of Beasts
 20730 | Lair:5   | Found a viscous altar of Jiyva.
 20730 | Lair:5   | Found a staircase to the Slime Pits.
 21249 | Lair:5   | Reached skill level 15 in Dodging
 21847 | Lair:5   | Reached XP level 15. HP: 126/152 MP: 11/18
 22086 | Lair:5   | Learned a level 3 spell: Mephitic Cloud
 22287 | Lair:5   | Got Qiudomi's Parchment of Intoxication and Beckoning
 22296 | Lair:5   | Learned a level 3 spell: Call Canine Familiar
 23722 | D:13     | Found a portal to a secret trove of treasure.
 23733 | D:13     | Found Ewaofint's Antique Armour Shoppe.
 23742 | D:13     | Bought a masterwork ring mail for 180 gold pieces
 23742 | D:13     | Identified the +2 ring mail "Xusig" {+Inv Slay+3} (You
                  | bought it in a shop on level 13 of the Dungeon)
 23864 | D:13     | Found a gate to the Vaults.
 23880 | D:13     | Reached skill level 5 in Stealth
 23896 | D:13     | Reached skill level 10 in Shields
 24038 | Orc:1    | Entered Level 1 of the Orcish Mines
 24183 | Orc:2    | Entered Level 2 of the Orcish Mines
 24183 | Orc:2    | Noticed Snorg
 24189 | Orc:2    | Killed Snorg
 24266 | Orc:2    | Noticed Nessos
 24277 | Orc:2    | Killed Nessos
 24353 | Orc:2    | Found a staircase to the Elven Halls.
 24560 | Orc:2    | Noticed an orc warlord
 24574 | Orc:2    | Killed an orc warlord
 24591 | Orc:2    | Found a runed translucent gate.
 24591 | Orc:2    | Found a runed translucent gate.
 24591 | Orc:2    | Found a runed translucent gate.
 24592 | Orc:2    | Noticed TorpidAnima's ghost (journeyman MiBe)
 24840 | D:6      | Bought the amulet "Nuhi" {Will+++ Regen+ MP+9 Str-2 Slay+5}
                  | for 1507 gold pieces
 25086 | Orc:2    | Noticed an orc warlord
 25115 | Orc:1    | Reached skill level 20 in Fighting
 25329 | Orc:1    | Killed an orc warlord
 25565 | Orc:2    | Found Nowomeusmi's Antique Weapon Emporium.
 25565 | Orc:2    | Found Jonguntu's General Store.
 25598 | Orc:2    | Found Xikhuffo's Jewellery Boutique.
 25604 | Orc:2    | Bought a potion of heal wounds for 65 gold pieces
 25604 | Orc:2    | Bought a potion of curing for 39 gold pieces
 25608 | Orc:2    | Found Natulin's Magic Scroll Shoppe.
 25853 | Orc:2    | Killed TorpidAnima's ghost
 26369 | D:13     | Reached XP level 16. HP: 156/162 MP: 21/21
 27006 | D:14     | Identified Roxanne's Volume of Clay
 27006 | D:14     | Noticed Roxanne
 27209 | D:14     | Noticed Josephine
 27216 | D:14     | Killed Josephine
 27465 | D:14     | Noticed Frances
 27478 | D:14     | Killed Frances
 27479 | D:14     | Reached skill level 1 in Invocations
 27695 | D:14     | Found a hazy altar of Hepliaklqana.
 27988 | D:14     | Killed Roxanne
 28005 | D:14     | Learned a level 4 spell: Summon Lightning Spire
 28012 | D:14     | Learned a level 6 spell: Summon Cactus Giant
 28050 | D:15     | Entered Level 15 of the Dungeon
 28451 | Orc:2    | Bought a scroll of enchant weapon for 112 gold pieces
 28678 | D:15     | Found a staircase to the Depths.
 28997 | D:15     | Found a sacrificial altar of Ru.
 29167 | Spider:1 | Entered Level 1 of the Spider Nest
 30106 | Spider:2 | Reached XP level 17. HP: 132/172 MP: 22/22
 30257 | Spider:2 | Paralysed by a jorogumo for 3 turns
 31159 | Spider:2 | Reached skill level 21 in Fighting
 31346 | Spider:2 | Gained mutation: You are agile. (Dex +4, Str/Int -1)
                  | [mutagenic glow]
 31472 | Spider:2 | Reached skill level 15 in Maces & Flails
 32105 | Spider:4 | Entered Level 4 of the Spider Nest
 33067 | Spider:4 | Identified the +3 robe of Peosae {Int+4 Dex-4}
 33510 | Spider:4 | Reached skill level 5 in Spellcasting
 33829 | Spider:4 | Got a gossamer rune of Zot
 34010 | Lair:2   | Killed wingedge's ghost
 34011 | Lair:2   | Reached XP level 18. HP: 182/182 MP: 24/24
 34021 | Lair:2   | Identified the +0 helmet "Decetitt" {rN+ Int+3}
 34244 | Swamp:1  | Entered Level 1 of the Swamp
 34244 | Swamp:1  | Noticed Kirke
 34244 | Swamp:1  | Noticed Jorgrun
 34254 | Swamp:1  | Killed Kirke
 34264 | Swamp:1  | Killed Jorgrun
 34519 | Swamp:1  | Found the +6 arbalest "Damnation" {damnation}
 34669 | Swamp:1  | Noticed Louise
 34685 | Swamp:1  | Reached skill level 1 in Ranged Weapons
 34688 | Swamp:1  | Killed Louise
 34970 | Swamp:1  | You fall into a shaft and drop 1 floor!
 36093 | Swamp:3  | Reached skill level 5 in Ranged Weapons
 36568 | Swamp:4  | Entered Level 4 of the Swamp
 36629 | Swamp:4  | Reached skill level 22 in Fighting
 36663 | Swamp:4  | Acquired a manual of Evocations
 37354 | Swamp:4  | Reached skill level 10 in Ranged Weapons
 37417 | Swamp:4  | Identified the +8 plate armour "Janum" {Will+ Int+2 Slay+2
                  | Stlth-}
 37464 | Swamp:4  | Found a blossoming altar of Fedhas.
 37501 | Swamp:4  | Found a basalt altar of Yredelemnul.
 37515 | Swamp:4  | Got a decaying rune of Zot
 37894 | Elf:1    | Entered Level 1 of the Elven Halls
 37912 | Elf:1    | Noticed Zenata
 38408 | Orc:2    | Killed Zenata
 38519 | Elf:1    | Reached XP level 19. HP: 191/191 MP: 25/25
 38631 | Elf:1    | Found a runed translucent gate.
 38631 | Elf:1    | Found a runed translucent gate.
 38631 | Elf:1    | Found a runed translucent gate.
 38632 | Elf:1    | Noticed Pileg's ghost (adept FoFi)
 38863 | Elf:1    | Found Cawoani's Jewellery Shoppe.
 38993 | Elf:1    | Got the Octavo of Blows and Bruises
 39652 | Elf:2    | Paralysed by an air elemental for 1 turns
 39832 | Elf:2    | Found a runed translucent gate.
 39833 | Elf:2    | Found a runed translucent gate.
 39833 | Elf:2    | Found a runed translucent gate.
 40212 | Elf:3    | Entered Level 3 of the Elven Halls
 40413 | Elf:1    | Killed Pileg's ghost
 40761 | Elf:2    | Reached skill level 10 in Summonings
 41029 | Elf:3    | Paralysed by an air elemental for 1 turns
 41085 | Elf:3    | Found Ebuss's Distillery.
 41100 | Elf:3    | Bought 2 potions of might for 168 gold pieces
 41265 | Elf:3    | Paralysed by an air elemental for 1 turns
 41284 | Elf:3    | Found an ancient bone altar of Kikubaaqudgha.
 41400 | Elf:3    | Found Kutups's Book Shoppe.
 41414 | Elf:3    | Found Vuohia's Jewellery Boutique.
 41414 | Elf:3    | Found Ynufon's Jewellery Boutique.
 41422 | Elf:3    | Noticed a Tzitzimitl
 41460 | Elf:3    | Noticed Saint Roka
 41485 | Elf:3    | Killed Saint Roka
 41535 | Elf:3    | Noticed Mara
 41547 | Elf:3    | Noticed Icepheonix32's illusion
 41549 | Elf:3    | Noticed Icepheonix32's illusion
 41555 | Elf:3    | Killed Mara
 42033 | Elf:3    | Identified the quicksilver dragon scales of the Amorous God
                  | {rElec Will+}
 42077 | Elf:3    | Identified the +11 battleaxe of Starshine {elec, Str+3
                  | Int+2 Dex-3}
 42212 | Elf:3    | Identified the +4 chain mail "Weig" {rElec rPois rN++
                  | Int-5}
 42214 | Elf:3    | Identified the +7 quarterstaff "Cuipn" {holy, Str+3}
 42227 | Elf:2    | Reached skill level 10 in Armour
 42274 | Elf:2    | Reached XP level 20. HP: 202/202 MP: 27/27
 42539 | Elf:3    | Identified the ring of Hoygab {rElec rPois Will+ Str+3}
 42542 | Elf:3    | Identified the +8 ice dragon scales of Entitlement {rF-
                  | rC++ rN++ Int-3}
 42544 | Elf:3    | Identified the +9 quarterstaff of Wuarghon {flame, +Blink
                  | Stlth+}
 42563 | Elf:2    | Reached skill level 23 in Fighting
 42837 | Elf:3    | Identified the ring "Udaipp" {rPois rF+ MP+9}
 43026 | Elf:3    | Identified the +2 cloak "Bizysisch" {rF- Will+ Int+3 Dex+3}
 43028 | Elf:3    | Identified the +9 shortbow of Sulphur {flame, Str+4}
 43032 | Elf:3    | Got the Anthology of Cursed Evolution
 43434 | Slime:1  | Entered Level 1 of the Pits of Slime
 43672 | Vaults:1 | Entered Level 1 of the Vaults
 43796 | Vaults:1 | Learned a level 3 spell: Summon Guardian Golem
 44176 | Vaults:1 | Reached skill level 1 in Poison Magic
 44219 | Vaults:1 | Reached skill level 1 in Air Magic
 45866 | D:13     | You paid a toll of a +6 demon trident to enter a treasure
                  | trove
 45867 | Trove    | Entered a treasure trove
 46299 | Vaults:2 | Found a staircase to the Crypt.
 46748 | Vaults:2 | Found Hibo's Magic Scroll Boutique.
 46822 | Vaults:2 | Bought a scroll of enchant armour for 105 gold pieces
 46957 | Vaults:2 | Reached skill level 5 in Evocations
 47553 | Vaults:2 | Reached XP level 21. HP: 113/212 MP: 26/29
 48166 | D:6      | Bought a potion of curing for 36 gold pieces
 48166 | D:6      | Bought a potion of curing for 36 gold pieces
 48166 | D:6      | Bought a potion of heal wounds for 60 gold pieces
 48303 | D:9      | Bought a scroll of teleportation for 45 gold pieces
 48455 | Orc:2    | Bought a scroll of teleportation for 45 gold pieces
 48455 | Orc:2    | Bought a scroll of teleportation for 45 gold pieces
 49278 | Vaults:3 | Found Qura's Weapon Shoppe.
 49302 | Vaults:3 | Found a gateway to a bazaar.
 49335 | Vaults:3 | Acquired 760 gold pieces
 49356 | Bazaar   | Entered a bazaar
 49391 | Bazaar   | Found Xeyfo's Armour Boutique.
 49395 | Bazaar   | Found Jeplef's Jewellery Boutique.
 49395 | Bazaar   | Found Otih Zyr's Antique Armour Boutique.
 49395 | Bazaar   | Found Cyphog's Jewellery Boutique.
 49405 | Bazaar   | Bought a pair of runed gloves for 142 gold pieces
 49686 | Vaults:3 | Reached skill level 5 in Poison Magic
 49913 | Vaults:4 | Found Pauf's Book Emporium.
 49942 | Vaults:4 | Found a flickering gateway to a bazaar.
 49980 | Bazaar   | Entered a bazaar
 50058 | Bazaar   | Found Omyhuas's General Store.
 50082 | Bazaar   | Found Wafis's Antique Armour Shoppe.
 50088 | Bazaar   | Bought a pair of embroidered gloves for 195 gold pieces
 50105 | Bazaar   | Found Qyclipp's Distillery.
 50111 | Bazaar   | Bought a potion of heal wounds for 50 gold pieces
 50111 | Bazaar   | Bought a potion of might for 40 gold pieces
 50111 | Bazaar   | Bought a potion of heal wounds for 50 gold pieces
 50111 | Bazaar   | Bought a potion of berserk rage for 50 gold pieces
 50111 | Bazaar   | Bought a potion of heal wounds for 50 gold pieces
 50130 | Bazaar   | Found Zanlex's Assorted Antiques.
 50372 | Vaults:4 | Found Diab Vas's Antique Weapon Boutique.
 50686 | Vaults:4 | Found Kumiheh's Antique Weapon Emporium.
 50698 | Vaults:4 | Noticed Boris
 50731 | Vaults:4 | Killed Boris
 51076 | Vaults:4 | Found Yzobrut's General Store.
 51096 | Vaults:4 | Bought a scroll of enchant armour for 120 gold pieces
 51096 | Vaults:4 | Bought a potion of haste for 160 gold pieces
 51300 | Vaults:5 | Entered Level 5 of the Vaults
 51315 | Vaults:5 | Reached skill level 24 in Fighting
 51375 | Vaults:5 | Noticed a dread lich
 51402 | Vaults:5 | Killed a dread lich
 51544 | Vaults:5 | Reached XP level 22. HP: 202/222 MP: 31/31
 51839 | Vaults:5 | Noticed an ancient lich
 51856 | Vaults:5 | Killed an ancient lich
 52158 | Vaults:5 | Identified the +5 quarterstaff of Cocytus {drain, Stlth+}
 52601 | Vaults:5 | Identified the +2 falchion of Red Wine {vorpal, rElec SInv}
 52932 | Vaults:5 | Identified the +0 scale mail of Erupom {rPois rF- Int+3}
 52963 | Vaults:5 | Identified the +2 scale mail of the Volcano {rElec rPois
                  | Str+2 Dex+4}
 53130 | Vaults:5 | Noticed an ancient lich
 53170 | Vaults:5 | Killed an ancient lich
 53317 | Vaults:5 | Identified the -2 pair of gloves of Impressiveness {+Blink}
 53465 | Vaults:5 | Got a silver rune of Zot
 54029 | Elf:3    | Bought a +4 ring of slaying for 1248 gold pieces
 54253 | Depths:1 | Entered Level 1 of the Depths
 54343 | Depths:1 | Reached skill level 10 in Evocations
 54605 | Depths:1 | Learned a level 4 spell: Olgreb's Toxic Radiance
 55014 | Depths:1 | Found a gateway to Hell.
 55070 | Depths:1 | Found a one-way gate to the infinite horrors of the Abyss.
 55234 | Depths:1 | Reached XP level 23. HP: 232/232 MP: 32/32
 55308 | Depths:2 | Noticed Boris
 55320 | Depths:1 | Killed Boris
 55321 | Depths:1 | Reached skill level 25 in Fighting
 55425 | Depths:2 | Noticed Nikola
 55478 | Depths:2 | Noticed a caustic shrike
 55478 | Depths:2 | Noticed a juggernaut
 55489 | Depths:1 | Killed Nikola
 55646 | Depths:2 | Noticed a caustic shrike
 55659 | Depths:1 | Killed a caustic shrike
 55812 | Depths:1 | Killed a caustic shrike
 55913 | Depths:1 | Killed a juggernaut
 56322 | Depths:2 | Noticed a juggernaut
 56454 | Depths:1 | Killed a juggernaut
 56857 | Depths:2 | Identified the +8 chain mail of Fallacy {rC+ Will+ Str+3}
 57101 | Depths:2 | Identified the +8 chain mail "Toxzak" {Rampage rElec rC-
                  | Int+6}
 57527 | Depths:2 | Identified the +9 scale mail of Fedhas's Benevolence
                  | {+Blink rF++}
 57954 | Depths:2 | Found a one-way gate leading to the halls of Pandemonium.
 58228 | Depths:3 | Found Keg Paza's Antique Armour Shoppe.
 58240 | Depths:3 | Bought a pair of embroidered gloves for 225 gold pieces
 58307 | Depths:3 | Found a one-way gateway to a ziggurat.
 58528 | Depths:3 | Noticed a caustic shrike
 58535 | Depths:3 | Killed a caustic shrike
 58555 | Depths:3 | Reached skill level 15 in Ranged Weapons
 59050 | Depths:4 | Entered Level 4 of the Depths
 59050 | Depths:4 | Found a gateway to a bazaar.
 59283 | Bazaar   | Entered a bazaar
 59300 | Bazaar   | Found Isicung Onel's Distillery.
 59308 | Bazaar   | Bought a potion of haste for 140 gold pieces
 59353 | Bazaar   | Found Pofuu's Distillery.
 59360 | Bazaar   | Bought a potion of haste for 120 gold pieces
 59360 | Bazaar   | Bought a potion of might for 48 gold pieces
 59362 | Bazaar   | Found Vekk's Weapon Shop.
 59376 | Bazaar   | Found Luiviuf's Weapon Emporium.
 59391 | Bazaar   | Found Lotregh's Antique Armour Shop.
 59996 | Depths:4 | Noticed Boris
 60009 | Depths:4 | Killed Boris
 60023 | Depths:4 | Reached XP level 24. HP: 137/245 MP: 33/33
 60273 | Depths:4 | Found a glowing golden altar of the Shining One.
 60302 | Depths:4 | Found a burning altar of Makhleb.
 60657 | Depths:4 | Found a gate to the Realm of Zot.
 60738 | Depths:4 | Reached skill level 26 in Fighting
 61194 | Crypt:1  | Entered Level 1 of the Crypt
 61680 | Crypt:1  | Learned a level 3 spell: Swiftness
 62097 | Crypt:2  | Found a magical portal.
 62108 | WizLab   | Entered The Roulette of Golubria
 62108 | WizLab   | Found a transporter.
 62117 | WizLab   | Found a corrupted altar of Lugonu.
 62141 | WizLab   | Found a transporter.
 62141 | WizLab   | Found a transporter.
 62156 | WizLab   | Got Sif Muna's Omnibus of the Excursion
 62168 | WizLab   | Found a transporter.
 62168 | WizLab   | Found a transporter.
 62196 | WizLab   | Found a transporter.
 62196 | WizLab   | Found a transporter.
 62229 | WizLab   | Found a transporter.
 62229 | WizLab   | Found a transporter.
 62254 | WizLab   | Got Golubria's Codex of Direction
 62263 | WizLab   | Found a transporter.
 62263 | WizLab   | Found a transporter.
 62291 | WizLab   | Found a transporter.
 62291 | WizLab   | Found a transporter.
 62374 | WizLab   | Found the +2 cloak of the Thief {*Fog Slay-2 SInv Stlth+}
 62376 | WizLab   | Found a transporter.
 62376 | WizLab   | Identified the +1 cloak "Xeezefedd" {Fly Str+6}
 62457 | WizLab   | Found a transporter.
 62473 | WizLab   | Found a transporter.
 62500 | WizLab   | Identified the +2 cloak of Peek-a-Boo {+Blink}
 62515 | WizLab   | Identified the +2 cloak of Autumn {rPois rN+ Dex+2}
 62623 | WizLab   | Found a transporter.
 62623 | WizLab   | Found a transporter.
 62680 | WizLab   | Found a transporter.
 62680 | WizLab   | Found a transporter.
 62994 | Crypt:2  | Identified the +3 trident of Mastery {drain, *Rage rElec
                  | rC+}
 63282 | Crypt:2  | Found a runed translucent gate.
 63282 | Crypt:2  | Found a runed translucent gate.
 63282 | Crypt:2  | Found a runed translucent gate.
 63668 | Crypt:3  | Entered Level 3 of the Crypt
 63704 | Crypt:3  | Noticed Mennas
 63753 | Crypt:3  | Killed Mennas
 64170 | Crypt:3  | Noticed Frederick
 64198 | Crypt:3  | Killed Frederick
 64326 | Crypt:3  | Found a basalt altar of Yredelemnul.
 64422 | Crypt:3  | Reached XP level 25. HP: 255/255 MP: 33/33
 64778 | Crypt:3  | Found a runed translucent gate.
 64778 | Crypt:3  | Found a runed translucent gate.
 64779 | Crypt:3  | Found a runed translucent gate.
 64779 | Crypt:3  | Found an opulent altar of Gozag.
 64781 | Crypt:3  | Noticed Fainec's ghost (veteran GrEE)
 65074 | Crypt:3  | Found a staircase to the Tomb.
 65195 | Crypt:3  | Reached skill level 27 in Fighting
 65292 | Crypt:3  | Identified the +8 trident of Ycvyiwno {vorpal, rPois rN++
                  | Dex-4 Stlth+}
 65332 | Crypt:3  | Found the ring of Shadows {Umbra +Inv Stlth+}
 65354 | Crypt:3  | Got the Omnibus of Cloudy Combat Magic
 66170 | Slime:2  | Noticed Dissolution
 66493 | Elf:3    | Learned a level 7 spell: Monstrous Menagerie
 67241 | Tomb:1   | Entered Level 1 of the Tomb of the Ancients
 67682 | Tomb:1   | Noticed a royal mummy
 67683 | Tomb:1   | Noticed a royal mummy
 67701 | Tomb:1   | Killed a royal mummy
 67709 | Tomb:1   | Killed a royal mummy
 68268 | Tomb:1   | Identified the +6 broad axe of Ambiguity {spect, Int+3}
 68420 | Tomb:2   | Noticed a royal mummy
 68425 | Tomb:2   | Noticed a royal mummy
 68464 | Tomb:2   | HP: 7/257 [twister/vortex[a Zot trap] (12)]
 68696 | Tomb:2   | Noticed a royal mummy
 68704 | Tomb:2   | Noticed a royal mummy
 68708 | Tomb:2   | Killed a royal mummy
 69328 | Tomb:3   | Entered Level 3 of the Tomb of the Ancients
 69358 | Tomb:3   | Noticed a royal mummy
 69361 | Tomb:3   | Noticed a royal mummy
 69362 | Tomb:3   | Noticed a royal mummy
 69366 | Tomb:3   | Got a golden rune of Zot
 69367 | Tomb:3   | Noticed Khufu
 69371 | Tomb:3   | Noticed a royal mummy
 69371 | Tomb:3   | Noticed a royal mummy
 69378 | Tomb:3   | Noticed a royal mummy
 69387 | Tomb:3   | Slain by a death scarab

Illustrated notes

Levels and vault maps discovered:
D:1:      mushboom_english_gardens, layout_loops_ring, serial_shops,
          nicolae_diamond_shop
D:2:      layout_rooms, ebering_ecumenical_altar_webs
D:3:      layout_rooms, corexii_hall_statues_i, minmay_divided_ellipse,
          uniq_grinder
D:4:      layout_basic, lightli_ossuary_entry_decrepit_ruins, uniq_blork_the_orc
D:5:      layout_cave_pools, serial_gnoll_camp, gnoll_camp_mini_hut,
          gnoll_camp_mini_loothouse, gnoll_camp_huts_basic, gnoll_camp_mini_hut,
          gnoll_camp_medium_02, gnoll_camp_mini_basic,
          biasface_ghost_orc_armoury, kennysheep_flooded_box, minmay_between,
          uniq_sigmund, uniq_duvessa, uniq_prince_ribbit1
D:6:      layout_basic, gammafunk_ghost_stat_death, serial_shops,
          nicolae_shop_stone, nicolae_shop_waterfront, nicolae_diamond_shop,
          shop, minmay_manual_mares
D:7:      cheibrodos_shockbox, layout_cave_pools,
          minmay_temple_entry_antechambers, enter_bailey_6,
          gammafunk_ghost_gnarly_gnolls
D:8:      layout_gridville, lemuel_coloured_pillars_altar,
          mainiacjoe_overflow_six_doors_small, serial_ice, serial_ice_e,
          serial_ice_k, serial_ice_c, serial_ice_f, serial_ice_h, serial_ice_o,
          serial_ice_b, serial_ice_m, serial_shops, kennysheep_mini_moat,
          minivault_12
D:9:      layout_rooms, mainiacjoe_overflow_catwalk, okawaru_gym_becter,
          nicolae_elemental_shop, nicolae_inconvenience_store
D:10:     layout_cross, mainiacjoe_overflow_small_starburst,
          minmay_orc_entry_temple_small, minivault_23, hangedman_minor_magic,
          uniq_nergalle
D:11:     layout_loops_corners, erik_lair_orcish_takeover,
          kennysheep_nondescript, st_stairs_12
D:12:     minmay_skewed_foursquare, layout_stronghold
D:13:     layout_irregular_city, grunt_vaults_entry_tiered, serial_shops, shop,
          enter_trove_0, st_stairs_10, hangedman_fish_farm
D:14:     layout_gridville, minmay_ruined_shrine, uniq_roxanne, uniq_josephine,
          uniq_frances
D:15:     hangedman_depths_entry_civil_slaughter, layout_rooms,
          nicolae_ru_path_of_blood
Temple:   bh_familiar_temple
Lair:1:   layout_big_grid, portal_ice_cave_rime,
          nicolae_volcano_entry_vermiform, uniq_gastronok
Lair:2:   layout_chaotic_city, gammafunk_ghost_wrathful_warriors,
          serial_bayou_pond_e, serial_bayou_pond_d, columned_hall_lemuel
Lair:3:   gammafunk_worm_tunnel, layout_regular_city,
          nicolae_swamp_entry_splash_gauntlet, spider_nest_entry_rubble,
          tgw_fedhas
Lair:4:   layout_misc_corridors, serial_bayou_shore_a
Lair:5:   guppyfry_lair_end_dragon, layout_gridlike, hangedman_lair_in_review,
          slime_entry_1
Swamp:1:  cheibrodos_swamp_tower_of_moss, layout_basic_swamp,
          evilmike_swamp_ruin_house_1, swamp_pool3, hangedman_swamp_wriggling,
          uniq_kirke, uniq_louise, uniq_jorgrun
Swamp:2:  layout_basic_swamp, evilmike_swamp_ruin_house_4
Swamp:3:  layout_basic_swamp, serial_swamp_ruin, evilmike_swamp_ruin_house_5,
          evilmike_swamp_ruin_house_6
Swamp:4:  byrel_swamp_growth_death_and_undeath, layout_basic_swamp, swamp_pool1
Spider:1: layout_spider_delve
Spider:2: layout_spider_delve
Spider:3: layout_spider_delve, nicolae_spider_shape
Spider:4: grunt_spider_rune_island, nicolae_spider_nooks_and_crannies
Slime:1:  layout_caves
Slime:2:  layout_caves, basic_altar, dissolution_awaits
Orc:1:    layout_diamond_mine
Orc:2:    st_orc_open, layout_diamond_mine, gammafunk_ghost_necromancy,
          nicolae_orc_lost_temple, uniq_snorg, uniq_nessos
Elf:1:    layout_geoelf_grid, serial_shops, nicolae_shop_hallway_stairs,
          ebering_ghost_rock_garden, minmay_elf_annihilation,
          nicolae_elf_big_sculpture_2, uniq_zenata
Elf:2:    nicolae_elf_blades_crystal_corner, layout_geoelf_octagon,
          serial_glass, glass_columns_c, glass_columns_b, item_on_display_a,
          minmay_strange_pillars, due_unseen_surprise, feat_on_display
Elf:3:    minmay_elf_hall_not_hex, layout_loops_corners, serial_shops,
          nicolae_shop_waterfront, basic_altar, minmay_shop_grove, uniq_mara,
          uniq_saint_roka
Vaults:1: hangedman_vaults_slither, v_rooms_5, v_pattern_4,
          nicolae_vaults_sealed_display, nicolae_vaults_ninety_degrees,
          vaults_dpeg_encased_lava, grunt_vaults_hallway_short,
          vaults_mumra_chevron, nicolae_vaults_border_crossing,
          layout_vaults_big_room
Vaults:2: v_misc_16, nicolae_vaults_lopsided_apartments,
          minmay_crypt_entry_nasty_monster, vaults_mumra_hex,
          hangedman_vaults_corner, nicolae_vaults_little_squares_5,
          vaults_room_large_hall, nicolae_vaults_little_squares_2, v_misc_29,
          ontoclasm_vaults_pinch, nicolae_vaults_little_ls,
          vaults_room_door_ring, grunt_vaults_focal, hangedman_vaults_snaps,
          vaults_dpeg_hooks, layout_vaults_ring, serial_shops, shop
Vaults:3: v_pattern_3, hangedman_vaults_capsules, vaults_room_mumra_shop_pool,
          v_misc_10, vaults_room_stairs_pillars, v_alt_pattern_6,
          nicolae_vaults_three_branches, serial_ice_h,
          ontoclasm_vaults_shuriken, vaults_mumra_lcd,
          nicolae_vaults_little_squares_4, layout_vaults_omnigrid, serial_shops,
          freezing_bzr
Vaults:4: v_rooms_6, nicolae_vaults_angled_halls, hangedman_vaults_nails,
          nicolae_vaults_network_quincunx
          [nicolae_vaults_network_quincunx_subvault,
          nicolae_vaults_network_quincunx_subvault,
          nicolae_vaults_network_quincunx_subvault,
          nicolae_vaults_network_quincunx_subvault,
          nicolae_vaults_network_quincunx_subvault], v_misc_22, st_lattice,
          vaults_standard_mumra_lines, hangedman_vaults_impose,
          ontoclasm_vaults_gateway, layout_vaults_omnibox, serial_shops,
          bzr_entry_lakeside, nicolae_square_shop, nicolae_shop_waterfront,
          shop_fountains, nicolae_shop_behind_doors, uniq_boris
Vaults:5
Crypt:1:  layout_chaotic_city, hex_large, nrook_guardian_serpent_ordinary,
          grunt_crypt_arrival_split, grunt_megastairs_2
Crypt:2:  layout_basic, mu_enter_wizlab_4, pandoras_box_mu, grunt_megastairs_1
Crypt:3:  church_of_pain_bobbens, layout_chaotic_city,
          nicolae_tomb_entry_rubble_hallway, ebering_ghost_gozag,
          uniq_frederick, uniq_mennas
Tomb:1
Tomb:2
Tomb:3
Depths:1: layout_gridlike, minmay_room_of_horrors, dk_noncrumbling_3,
          hangedman_geh_valley, kennysheep_generic_room_12
Depths:2: minmay_swirls_squares, layout_long_grid, lightli_too_deep,
          grunt_pan_entry_sceptre, uniq_nikola
Depths:3: kennysheep_oblong_rooms, layout_cave_pools, enter_ziggurat_a,
          hell_entry, serial_shops, shop,
          nicolae_abyss_entry_one_way_or_another, infiniplex_staircase_pool_2
Depths:4: evilmike_zot_entry_round, layout_honeycomb, serial_shops,
          bzr_entry_water, abyss_entry_glasseish, pf_hell_entry_tar_river,
          grunt_decor_junction, nzn_life_drinkers

Skill      XL: |  1  2  3  4  5  6  7  8  9 10 11 12 13 14 15 16 17 18 19 20 21 22 23 24 25 |
---------------+----------------------------------------------------------------------------+-----
Fighting       | 4 5 6 7 8 15 16 17 18 19 20 21 22 23 24 25 26 27 | 27.0
Armour         | 4 5 6 7 8 10 11 | 11.2
Axes           | 3 |  3.0
Shields        | 4 5 6 7 8 9 10 11 12 13 | 13.9
Maces & Flails | 1 3 5 7 8 9 10 11 12 13 14 15 16 17 18 | 18.7
Dodging        | 1 2 4 6 9 10 12 13 15 17 19 20 21 22 23 24 | 24.3
Stealth        | 1 2 3 4 5 6 7 8 9 |  9.4
Summonings     | 2 3 4 5 6 7 8 9 10 11 12 13 | 13.7
Ice Magic      | 1 2 4 5 6 7 |  7.6
Throwing       | 2 3 |  3.3
Spellcasting   | 1 3 4 5 6 7 |  7.9
Evocations     | 1 4 5 8 10 12 13 14 | 14.7
Invocations    | 3 |  3.4
Ranged Weapons | 10 11 12 13 14 15 16 | 16.9
Poison Magic   | 4 6 8 |  8.0
Air Magic      | 2 3 |  3.4

Action                   |  1- 3 |  4- 6 |  7- 9 | 10-12 | 13-15 | 16-18 | 19-21 | 22-24 | 25-27 || total
-------------------------+-------+-------+-------+-------+-------+-------+-------+-------+-------++-------
Melee: War axe           |    62 |       |       |       |       |       |       |       |       ||    62
       Headbutt          |     8 |     6 |    58 |   136 |   388 |   471 |   378 |   621 |    88 ||  2154
       Flail             |     7 |    59 |       |       |       |       |       |       |       ||    66
       Mace              |       |     6 |   323 |   555 |  1167 |  1302 |  1040 |  1087 |    21 ||  5501
       Unarmed           |       |       |     3 |       |       |       |       |       |       ||     3
       Eveningstar       |       |       |       |       |       |    37 |     3 |   554 |   217 ||   811
       Punch             |       |       |       |       |       |     4 |    25 |    20 |     3 ||    52
 Fire: Arbalest          |       |       |       |       |       |   129 |   292 |   153 |    99 ||   673
Throw: Dart              |     2 |     2 |     3 |    17 |    20 |     5 |       |       |       ||    49
       Javelin           |       |       |       |     4 |     1 |     1 |     3 |     2 |     1 ||    12
       Boomerang         |       |       |       |     4 |       |       |     4 |       |     1 ||     9
       Throwing net      |       |       |       |       |       |     1 |       |       |       ||     1
 Cast: Summon Ice Beast  |       |       |       |    15 |    91 |    82 |     5 |     2 |       ||   195
       Call Canine Famil |       |       |       |       |    15 |     8 |       |       |       ||    23
       Mephitic Cloud    |       |       |       |       |     1 |       |     2 |     1 |       ||     4
       Summon Lightning  |       |       |       |       |       |    10 |     9 |     5 |     1 ||    25
       Summon Cactus Gia |       |       |       |       |       |    18 |    40 |    30 |     6 ||    94
       Summon Guardian G |       |       |       |       |       |       |     3 |       |     3 ||     6
       Olgreb's Toxic Ra |       |       |       |       |       |       |       |     2 |       ||     2
       Monstrous Menager |       |       |       |       |       |       |       |       |     5 ||     5
Invok: Shadow Step       |       |       |       |       |       |     1 |     1 |       |       ||     2
Evoke: Wand              |       |     1 |     7 |     6 |    26 |     7 |     1 |    10 |       ||    58
  Use: Potion            |       |     1 |     2 |     8 |     8 |     1 |     4 |     5 |    14 ||    43
       Scroll            |       |       |    13 |    15 |     8 |    10 |    13 |     6 |    11 ||    76
 Stab: Sleeping          |       |       |     4 |    11 |    18 |    19 |    12 |    22 |     5 ||    91
       Distracted        |       |       |       |     2 |    15 |    38 |    14 |    24 |     4 ||    97
       Confused          |       |       |       |       |     5 |       |     6 |       |       ||    11
       Held in net/web   |       |       |       |       |       |     1 |       |       |       ||     1
Armor: Scale mail        |    27 |    44 |    43 |       |       |       |       |       |       ||   114
       Leather armour    |       |       |    82 |   163 |   151 |   337 |   104 |   322 |    51 ||  1210
       Skin              |       |       |    91 |       |       |       |       |       |       ||    91
       Fire dragon scale |       |       |       |     4 |    18 |    22 |   145 |     2 |       ||   191
       Ice dragon scales |       |       |       |       |       |       |       |     4 |       ||     4
Dodge: Dodged            |    33 |    29 |   253 |   491 |   773 |  1707 |  1045 |  1888 |   526 ||  6745
Block: Buckler           |    10 |    19 |   170 |   239 |   512 |   706 |     3 |   340 |    27 ||  2026
